 Dungeon Crawl Stone Soup version 0.30-a0-451-ge042605de7 (webtiles) character file.

Game seed: 384523613069003044

2378 cforsyth the Fighter (level 9, 0/81 HPs)
             Began as a Minotaur Berserker on Dec 11, 2022.
             Was an Elder of Trog.
             Succumbed to a killer bee's poison
             ... on level 6 of the Dungeon.
             The game lasted 00:11:44 (4725 turns).

cforsyth the Fighter (Minotaur Berserker)           Turns: 4725, Time: 00:11:45

Health: 0/81       AC: 10    Str: 31    XL:     9   Next: 21%
Magic:  8/8        EV: 12    Int:  4    God:    Trog [****..]
Gold:   199        SH:  4    Dex: 17    Spells: 8/8 levels left

rFire   . . .      SeeInvis .    n - +2 morningstar (holy)
rCold   + . .      Faith    .    v - +0 buckler
rNeg    . . .      Spirit   .    a - +0 chain mail {rC+}
rPois   .          Reflect  .    (helmet restricted)
rElec   .          Harm     .    (no cloak)
rCorr   .          Rampage  .    (no gloves)
Will    .....                    (no boots)
Stlth   ..........               c - amulet of regeneration
HPRegen 1.13/turn                o - +6 ring of strength
MPRegen 0.11/turn                j - +6 ring of dexterity

@: lethally poisoned (0 -> -1), about to teleport, marked, on berserk cooldown,
slowed, very slow
A: horns 2, retaliatory headbutt
a: Renounce Religion, Berserk, Trog's Hand, Brothers in Arms


You were on level 6 of the Dungeon.
You worshipped Trog.
Trog was greatly pleased with you.
You visited 1 branch of the dungeon, and saw 7 of its levels.
You also visited: Sewer.

You collected 199 gold pieces.

Inventory:

Hand Weapons
 n - a +2 morningstar of holy wrath (weapon)
Armour
 a - a +0 chain mail of cold resistance (worn)
 v - a +0 buckler (worn)
 E - a +0 chain mail
Jewellery
 c - an amulet of regeneration (around neck)
 j - a +6 ring of dexterity (right hand)
 o - a +6 ring of strength (left hand)
 x - a +6 ring of intelligence
 B - a +6 ring of dexterity
 C - an amulet of the acrobat
Wands
 u - a wand of charming (18)
Scrolls
 l - 9 scrolls of identify {unknown}
 q - a scroll of teleportation
 r - a scroll of noise {unknown}
 t - 2 scrolls of torment {unknown}
 w - a scroll of vulnerability {unknown}
 y - 2 scrolls of enchant weapon {unknown}
 z - a scroll of enchant armour {unknown}
 A - a scroll of amnesia {unknown}
 D - a scroll of immolation {unknown}
 G - a scroll of brand weapon {unknown}
Potions
 b - a potion of brilliance {unknown}
 d - a potion of cancellation {unknown}
 e - 4 potions of heal wounds {unknown}
 f - 3 potions of might {unknown}
 g - 4 potions of mutation {unknown}
 h - a potion of magic {unknown}
 i - 3 potions of flight {unknown}
 k - a potion of lignification {unknown}
 m - a potion of attraction {unknown}
 p - a potion of degeneration {unknown}
 s - 2 potions of ambrosia {unknown}
 F - a potion of curing {unknown}


   Skills:
 + Level 8.3 Fighting
 + Level 8.2 Axes
 + Level 7.8 Armour
 + Level 7.1 Dodging


You had 8 spell levels left.
You didn't know any spells.
Your spell library was empty.

Dungeon Overview and Level Annotations

Branches:
Dungeon (7/15)              Sewer (visited)
 Temple: D:4-7

Altars:
Cheibriados
Fedhas
Kikubaaqudgha
Trog
Uskayaw
Wu Jian
Zin

Shops:
D:2 (

Annotations:
D:4 2 transporters, Cheivey's ghost, novice FoFi
D:7 Menkaure


Innate Abilities, Weirdness & Mutations

You have a pair of horns on your head.
You reflexively headbutt those who attack you in melee.


Message History

Unknown command.
You puncture the steam dragon!
The steam dragon is moderately wounded.
You are engulfed in a cloud of scalding steam.
* * * LOW HITPOINT WARNING * * *
You feel sick.
The steam dragon bites you but does no damage.
The steam dragon claws you but does no damage.
Unknown command.
Unknown command.
Unknown command.
You feel sick.
You are no longer poisoned.
Something hits you but does no damage. The steam dragon bites you.
* * * LOW HITPOINT WARNING * * *
The steam dragon barely misses you.
You climb upwards.
Reactivating autopickup.
You feel a strong urge to attack something.
You are no longer berserk.
You are exhausted.
You feel as though you will be slow longer.
The killer bee stings you!
* * * LOW HITPOINT WARNING * * *
You are poisoned.
The killer bee poisons you! The killer bee barely misses you.
The orc misses you.
The orc wizard gestures wildly while chanting.
The orc wizard flickers and vanishes!
Deactivating autopickup; reactivate with Ctrl-A.
The gnoll hits you with a +0 whip.
* * * LOW HITPOINT WARNING * * *
You block the killer bee's attack.
There is a stone staircase leading down here.
Unknown command.
Unknown command.
Unknown command.
As you read the scroll of teleportation, it crumbles to dust.
You feel strangely unstable.
You die...

#.# #####.#.# #.##.# #.#
......#.####....#
##.###########........##.#
......gg.....#.#.###..#
##.#########.#.#.###..#######
#.....#####..(....#.##.....#
###......l{..g#.........##.#
###.#.##...)Dg.....##########
.........o@y..####### #..#
####..#.#.#.##.# #≈####..#
............##.# ##'##.'.##
###..#>#.#.##.####....####.
#...............#....)##..
#...#.###.##..#.#..†.))..#
#...#.# #.......#...##).##
#.....# #.##..#.##..######
#..##.###..?..#.##########


You could see a steam dragon, a gnoll sergeant, an iguana, a killer bee, a gnoll
and an orc.

Vanquished Creatures
  Pikel (D:5)
  A hornet (D:7)
  The ghost of pokeman the Magician, an amateur DEHW (D:3)
  A water moccasin (D:6)
  An orc warrior (D:6)
  A black bear (D:5)
  A sky beast (D:6)
  An ogre (D:4)
  A centaur (D:6)
  2 phantoms
  A bullfrog (D:6)
  A scorpion (D:5)
  2 killer bees (D:7)
  A howler monkey (D:5)
  A jelly (D:6)
  3 hounds
  3 orc priests
  An orc wizard (D:5)
  Robin (D:3)
  11 gnolls
  10 adders
  9 river rats
  An ufetubus (D:4)
  4 worms
  3 dart slugs
  23 orcs
  6 ball pythons
  3 endoplasms
  5 giant cockroaches
  10 goblins
  10 hobgoblins
  6 jackals
  4 quokkas
  4 bats
  11 frilled lizards
  6 kobolds
  9 rats
160 creatures vanquished.

Vanquished Creatures (others)
  2 fungi (D:2)
  5 plants (D:2)
7 creatures vanquished.

Grand Total: 167 creatures vanquished

Notes
Turn   | Place    | Note
-------+----------+-------------------------------------------
     0 | D:1      | cforsyth the Minotaur Berserker began the quest for the
                  | Orb.
     0 | D:1      | Reached XP level 1. HP: 19/19 MP: 0/0
   153 | D:1      | Reached XP level 2. HP: 24/27 MP: 1/1
   654 | D:2      | Found a blossoming altar of Fedhas.
   782 | D:2      | Reached ** piety under Trog
   789 | D:2      | Reached XP level 3. HP: 33/33 MP: 2/2
   876 | D:2      | Found a faded altar of an unknown god.
   937 | D:2      | Found Badwiss's Antique Weapon Shoppe.
  1468 | D:3      | Reached XP level 4. HP: 32/41 MP: 3/3
  1471 | D:3      | Found a runed translucent door.
  1480 | D:3      | Noticed pokeman's ghost (amateur DEHW)
  1499 | D:3      | Found a runed translucent door.
  1512 | D:3      | Killed pokeman's ghost
  1513 | D:3      | Reached XP level 5. HP: 45/47 MP: 4/4
  1575 | D:3      | Reached skill level 5 in Axes
  1600 | D:3      | Reached skill level 5 in Fighting
  1636 | D:3      | Found a glowing drain.
  1641 | Sewer    | Entered a sewer
  1669 | Sewer    | Reached XP level 6. HP: 47/56 MP: 5/5
  1715 | Sewer    | Reached *** piety under Trog
  2502 | D:3      | Noticed Robin
  2513 | D:3      | Killed Robin
  2674 | D:4      | Found a bloodstained altar of Trog.
  2681 | D:4      | Reached skill level 5 in Armour
  2812 | D:4      | Found an ancient bone altar of Kikubaaqudgha.
  2825 | D:4      | Reached XP level 7. HP: 52/62 MP: 6/6
  2944 | D:4      | Found a glowing silver altar of Zin.
  3017 | D:4      | Reached **** piety under Trog
  3077 | D:4      | Found a hide-covered altar of Uskayaw.
  3216 | D:4      | Noticed Cheivey's ghost (novice FoFi)
  3218 | D:4      | Found a transporter.
  3222 | D:4      | Found a transporter.
  3279 | D:5      | Entered Level 5 of the Dungeon
  3389 | D:5      | Reached skill level 5 in Dodging
  3556 | D:5      | Found an ornate altar of the Wu Jian Council.
  3737 | D:5      | Reached XP level 8. HP: 60/71 MP: 7/7
  4006 | D:5      | Noticed Pikel
  4012 | D:5      | Killed Pikel
  4628 | D:6      | Reached XP level 9. HP: 81/81 MP: 8/8
  4667 | D:6      | Found a snail-covered altar of Cheibriados.
  4714 | D:7      | Paralysed by a hornet for 3 turns
  4720 | D:7      | Noticed Menkaure
  4724 | D:6      | HP: 2/81 [gnoll/+0 whip[a gnoll sergeant] (5)]
  4725 | D:6      | Succumbed to a killer bee's poison

Illustrated notes

Levels and vault maps discovered:
D:1:      sevenhm_arrival_forest_fort_small_4, layout_rooms, serial_forest,
          infiniplex_forest_clump_diagonal, infiniplex_forest_lined_corner,
          infiniplex_forest_lined_ring, infiniplex_forest_lined_3,
          infiniplex_forest_lined_2, infiniplex_forest_end_1,
          infiniplex_forest_lined_2, infiniplex_forest_corner_2,
          infiniplex_forest_clump_cross, chequers_serial_rivers_marsh,
          minmay_misc_feat_doors
D:2:      layout_basic, basic_altar, serial_shops, nicolae_shop_hallway_plus,
          shapermc_ecumenical_altar_mp_ritualfount
D:3:      layout_basic, ebering_ghost_sewer_f, gup_sewer_entry_spiral,
          chequers_serial_rivers_large_a, uniq_robin
D:4:      cheibrodos_quashed, layout_rooms, mainiacjoe_overflow_small_starburst,
          zin_statuary, mainiacjoe_overflow_tiny_flanked,
          nicolae_uskayaw_murder_on_the_dancefloor, gammafunk_ghost_smash
D:5:      layout_loops_corners, pdpol_wu_jian_five_deadly_venoms,
          corner_web_ring, uniq_pikel
D:6:      layout_basic, mainiacjoe_overflow_paths, st_stairs_1,
          chequers_serial_rivers_small_a, lightli_orcish_oven
D:7:      layout_layer_cave, nicolae_ru_awakened_eye,
          nemelex_xobeh_ov_fountains_minmay, minmay_temple_entry_overgrown,
          minmay_misc_feat_chi, minmay_misc_feat_tower, uniq_prince_ribbit1,
          uniq_menkaure

Skill      XL: |  1  2  3  4  5  6  7  8  9 |
---------------+----------------------------+-----
Fighting       | 4 5 6 8 |  8.3
Armour         | 3 4 5 6 7 |  7.8
Axes           | 4 5 6 7 8 |  8.2
Dodging        | 3 4 5 6 7 |  7.1

Action                   |  1- 3 |  4- 6 |  7- 9 || total
-------------------------+-------+-------+-------++-------
Melee: Hand axe          |    37 |       |       ||    37
       Headbutt          |    14 |    19 |    21 ||    54
       Morningstar       |    34 |   116 |   109 ||   259
Invok: Berserk           |       |     2 |     1 ||     3
       Trog's Hand       |       |     1 |       ||     1
  Use: Scroll            |     2 |       |     1 ||     3
 Stab: Sleeping          |     3 |     5 |     1 ||     9
Armor: Animal skin       |    14 |    19 |     7 ||    40
       Chain mail        |       |       |    54 ||    54
Dodge: Dodged            |    60 |   103 |   119 ||   282
Block: Buckler           |       |     4 |    30 ||    34

Table legend: (Time is in decaauts)
 A = Elapsed time spent in this place.
 B = Non-inter-level travel time spent in this place.
 C = Inter-level travel time spent in this place.
 D = Time resting spent in this place.
 E = Time spent auto-exploring this place.
 F = Levels seen in this place.
 G = Mean time per level.
                   A        B        C        D        E       F      G
               +--------+--------+--------+--------+--------+-----+--------+
         Total |   4936 |   4736 |    200 |    156 |   3322 |   8 |  617.0 |
       Dungeon |   4513 |   4313 |    200 |    156 |   3052 |   7 |  644.7 |
         Sewer |    422 |    422 |      0 |      0 |    270 |   1 |  422.0 |
               +--------+--------+--------+--------+--------+-----+--------+

Top non-repeatable levels by time:
     D:3: 1121 daAuts
     D:5: 1029 daAuts
     D:2: 656 daAuts
     D:1: 636 daAuts
     D:4: 622 daAuts
     D:6: 432 daAuts
   Sewer: 422 daAuts
     D:7: 14 daAuts
